 Dungeon Crawl Stone Soup version 0.28-a0-1567-g1695149f81 (webtiles) character file.

Game seed: 2329819602552407348

142 cyrus the Covered (level 5, -3/47 HPs)
             Began as a Minotaur Fighter on Jan 19, 2022.
             Killed from afar by an orc wizard (7 damage)
             ... with a magic dart
             ... on level 3 of the Dungeon.
             The game lasted 00:09:13 (573 turns).

cyrus the Covered (Minotaur Fighter)                 Turns: 573, Time: 00:09:13

Health: -3/47      AC:  7    Str: 22    XL:     5   Next: 4%
Magic:  4/4        EV:  9    Int:  5    God:
Gold:   6          SH:  4    Dex: 10    Spells: 4/4 levels left

rFire   . . .      SeeInvis .   a - +0 war axe
rCold   + . .      Faith    .   c - +0 buckler
rNeg    . . .      Spirit   .   b - +0 scale mail
rPois   .          Reflect  .   (helmet restricted)
rElec   .          Harm     .   (no cloak)
rCorr   .          Rampage  .   (no gloves)
Will    .....                   (no boots)
Stlth   ..........              (no amulet)
HPRegen 0.15/turn               i - ring of protection from cold
MPRegen 0.09/turn               (no ring)

@: mighty
A: horns 2, retaliatory headbutt
a: no special abilities


You were on level 3 of the Dungeon.
You visited 1 branch of the dungeon, and saw 3 of its levels.

You collected 6 gold pieces.

Inventory:

Hand Weapons
 a - a +0 war axe (weapon)
 h - a +0 dagger
 l - a +0 long sword
Missiles
 f - 31 arrows
Armour
 b - a +0 scale mail (worn)
 c - a +0 buckler (worn)
Jewellery
 i - a ring of protection from cold (left hand)
Potions
 e - 2 potions of attraction {unknown}
 g - a potion of curing {unknown}
 j - a potion of degeneration {unknown}
 k - a potion of brilliance {unknown}


   Skills:
 + Level 4.4 Fighting
 + Level 4.4 Axes
 + Level 4.5 Armour
 + Level 0.5 Dodging
 + Level 0.2 Stealth
 + Level 4.2 Shields


You had 4 spell levels left.
You didn't know any spells.
Your spell library was empty.

Dungeon Overview and Level Annotations

Branches:
Dungeon (3/15)

Altars:


Innate Abilities, Weirdness & Mutations

You have a pair of horns on your head.
You reflexively headbutt those who attack you in melee.


Message History

You headbutt the orc warrior, but do no damage.
The orc warrior is heavily wounded.
The orc warrior barely misses you.
You feel very mighty all of a sudden. You block the orc warrior's attack.
You barely miss the orc warrior.
The orc warrior is heavily wounded.
You block the orc warrior's attack. The orc warrior completely misses you.
You barely miss the orc warrior.
The orc warrior is heavily wounded.
The orc warrior hits you with a +0 scimitar.
You barely miss the orc warrior.
The orc warrior is heavily wounded.
The orc warrior closely misses you. You furiously retaliate!
You headbutt the orc warrior!
The orc priest looks encouraged for a moment.
The orc warrior hits you with a +0 scimitar.
You barely miss the orc warrior. Your headbutt misses the orc warrior.
The orc warrior is almost dead.
The orc warrior hits you with a +0 scimitar!
* * * LOW HITPOINT WARNING * * *
You slash the orc warrior!
You kill the orc warrior!
Your Axes skill gained 2 levels and is now at level 4!
You have reached level 3!
Your experience leads to an increase in your attributes!
Increase (S)trength, (I)ntelligence, or (D)exterity?
You feel stronger. x2
You have reached level 4!
You feel agile.
You slash the orc priest!
You kill the orc priest!
You have reached level 5!
You barely miss something. You headbutt something. You miss something.
You closely miss the orc. Something hits you but does no damage.
The orc barely misses you.
You hear some strange, mumbled words.
A magic dart appears from out of thin air!
The magic dart hits you!
You die...

......#########.##≈...≈#
##..#.......######§#.#≈#####
##>......###§§≈§≈§#.#≈≈≈≈≈§
#.#.###.# ≈§§.##≈.≈##..§§
#.#.# # ≈............§≈
#.#.# ≈...##§.≈##.§.≈ ....#
≈≈≈≈§≈#.#≈§≈≈§≈
#.#####.########≈#.#§## ##
.......oo@#≈...§#
#########{#≈§..≈# #.#§...≈#
#.#§§.≈§# #.###'### #.....#
#######


You could see 2 orcs.

Vanquished Creatures
  An orc warrior (D:3)
  An orc priest (D:3)
  A dart slug (D:1)
  An endoplasm (D:1)
  A giant cockroach (D:1)
  5 goblins
  3 hobgoblins
  A kobold (D:2)
  2 ball pythons
  A bat (D:2)
  2 frilled lizards (D:1)
19 creatures vanquished.

Notes
Turn   | Place    | Note
-------+----------+-------------------------------------------
     0 | D:1      | cyrus the Minotaur Fighter began the quest for the Orb.
     0 | D:1      | Reached XP level 1. HP: 19/19 MP: 0/0
   262 | D:1      | Reached XP level 2. HP: 22/27 MP: 1/1
   554 | D:3      | Noticed an orc warrior
   569 | D:3      | Killed an orc warrior
   570 | D:3      | Reached XP level 3. HP: 2/33 MP: 2/2
   570 | D:3      | Reached XP level 4. HP: 3/40 MP: 3/3
   572 | D:3      | Reached XP level 5. HP: 4/47 MP: 4/4
   573 | D:3      | Killed from afar by an orc wizard

Illustrated notes

Levels and vault maps discovered:
D:1:      minmay_arrival_four_circles, layout_loops_cross, serial_shops,
          nicolae_shop_crystal
D:2:      layout_loops_corners, kennysheep_cluttered_room,
          minmay_misc_feat_rugged
D:3:      layout_basic, lemuel_doored_altar, kennysheep_minor_cross

Skill      XL: |  1  2 |
---------------+-------+-----
Shields        | 4 |  4.2
Fighting       | 4 |  4.4
Armour         | 4 |  4.5
Axes           | 4 |  4.4
Dodging        | |  0.5
Stealth        | |  0.2

Action                   |  1- 3 |  4- 6 || total
-------------------------+-------+-------++-------
Melee: War axe           |    45 |     3 ||    48
       Headbutt          |     4 |     1 ||     5
  Use: Potion            |     1 |       ||     1
Armor: Scale mail        |    19 |     1 ||    20
Dodge: Dodged            |    21 |     1 ||    22
Block: Buckler           |     8 |       ||     8

Table legend: (Time is in decaauts)
 A = Elapsed time spent in this place.
 B = Non-inter-level travel time spent in this place.
 C = Inter-level travel time spent in this place.
 D = Time resting spent in this place.
 E = Time spent auto-exploring this place.
 F = Levels seen in this place.
 G = Mean time per level.
                   A        B        C        D        E       F      G
               +--------+--------+--------+--------+--------+-----+--------+
         Total |    595 |    595 |      0 |      0 |     13 |   3 |  198.3 |
       Dungeon |    595 |    595 |      0 |      0 |     13 |   3 |  198.3 |
               +--------+--------+--------+--------+--------+-----+--------+

Top non-repeatable levels by time:
     D:1: 310 daAuts
     D:2: 198 daAuts
     D:3: 86 daAuts
